 Seeded DCSS version 0.30-a0-177-g1cb5dbfd7a (webtiles) character file.

Game seed: 20221001 (custom seed)

1728 a11behringer the Cudgeller (level 9, -2/55 HPs)
             Began as a Gargoyle Fighter on Oct 3, 2022.
             Slain by a manticore (5 damage)
             ... on level 6 of the Dungeon.
             The game lasted 00:16:00 (4801 turns).

a11behringer the Cudgeller (Gargoyle Fighter)       Turns: 4801, Time: 00:16:00

Health: -2/55      AC: 20    Str: 24    XL:     9   Next: 5%
Magic:  9/9        EV:  6    Int:  6    God:
Gold:   194        SH:  5    Dex:  9    Spells: 8/8 levels left

rFire   + + .      SeeInvis .    O - +6 whip of Werhemoi {flame, rElec rPois rF++ Int-3}
rCold   . . .      Faith    .    c - +0 buckler
rNeg    + . .      Spirit   .    o - +0 plate armour {Will+}
rPois   ∞          Reflect  .    (no helmet)
rElec   +          Harm     .    F - +0 cloak
rCorr   .          Rampage  .    (no gloves)
Will    ++...                    (no boots)
Stlth   ..........               e - amulet of regeneration
HPRegen 1.09/turn                I - ring of willpower
MPRegen 0.11/turn                (no ring)

@: no status effects
A: sickness immunity, AC +6, negative energy resistance 1, electricity
resistance, torment resistance 1, petrification resistance
a: no special abilities


You were on level 6 of the Dungeon.
You visited 1 branch of the dungeon, and saw 6 of its levels.

You collected 444 gold pieces.
You spent 250 gold pieces at shops.

Inventory:

Hand Weapons
 a - a +0 flail
 z - a +0 vorpal flail
 B - a +0 morningstar
 D - a +1 flail of holy wrath
 J - a +1 mace of protection
 M - a +1 flail of protection
 O - the +6 whip of Werhemoi (weapon) {flame, rElec rPois rF++ Int-3}
   (You found it on level 5 of the Dungeon)

   It burns those it strikes, dealing additional fire damage.
   Int:       It affects your intelligence (-3).
   rF:        It greatly protects you from fire.
   rElec:     It insulates you from electricity.
   rPois:     It protects you from poison.
Missiles
 i - 4 atropa-tipped darts (quivered)
 w - 4 javelins
 H - 4 throwing nets
Armour
 b - a +0 scale mail
 c - a +0 buckler (worn)
 k - a +0 plate armour
 o - a +0 plate armour of willpower (worn)
 F - a +0 cloak (worn)
Jewellery
 e - an amulet of regeneration (around neck)
 n - an amulet of reflection
 I - a ring of willpower (left hand)
Wands
 s - a wand of light (12)
 u - a wand of charming (13)
Scrolls
 f - 4 scrolls of identify {unknown}
 g - 6 scrolls of teleportation {unknown}
 j - 5 scrolls of magic mapping {unknown}
 r - a scroll of fog {unknown}
 t - a scroll of enchant armour {unknown}
 x - 2 scrolls of blinking {unknown}
 y - a scroll of enchant weapon {unknown}
 C - a scroll of fear {unknown}
 G - a scroll of vulnerability {unknown}
 K - a scroll of poison {unknown}
 L - a scroll of noise {unknown}
Potions
 d - 2 potions of might
 h - a potion of lignification {unknown}
 l - 3 potions of degeneration {unknown}
 m - 5 potions of curing {unknown}
 p - a potion of resistance {unknown}
 q - a potion of berserk rage {unknown}
 v - a potion of mutation {unknown}
 A - 3 potions of haste {unknown}
 E - a potion of flight {unknown}
 N - a potion of invisibility {unknown}


   Skills:
 + Level 6.1 Fighting
 * Level 7.1 Maces & Flails
 + Level 6.1 Armour
 + Level 6.1 Shields
 + Level 2.9 Evocations


You had 8 spell levels left.
You didn't know any spells.
Your spell library contained the following spells:

 Spells                   Type           Power      Damage    Failure   Level
 Freeze                   Ice            0%         1d3       100%        1
 Sandblast                Erth           0%         2d4       100%        1
 Slow                     Hex            0%         N/A       100%        1
 Passwall                 Tmut/Erth      0%         N/A       100%        2
 Confusing Touch          Hex            0%         N/A       100%        3
 Frozen Ramparts          Ice            0%         1d1       100%        3
 Hailstorm                Conj/Ice       0%         3d3       100%        3
 Ignite Poison            Fire/Tmut/Pois 0%         N/A       100%        3
 Kindle Blastsparks       Fire/Tloc/Air  0%         2d10      100%        3
 Mephitic Cloud           Conj/Pois/Air  0%         N/A       100%        3
 Stone Arrow              Conj/Erth      0%         3d7       100%        3
 Vampiric Draining        Necr           0%         2d6       100%        3
 Freezing Cloud           Conj/Ice/Air   0%         6-21      100%        5


Dungeon Overview and Level Annotations

Branches:
Dungeon (6/15)
 Temple: D:4-7

Altars:
Cheibriados
Nemelex Xobeh
Qazlal
Vehumet
Wu Jian
The Shining One

Shops:
D:2 :=


Innate Abilities, Weirdness & Mutations

You are immune to sickness and miasma.
Your stone body is resilient. (AC +6)
You are immune to poison.
You resist negative energy. (rN+)
You are resistant to electric shocks. (rElec)
You are resistant to unholy torment.
You are immune to petrification.


Message History

Your Fighting skill increases to level 6!
Your Maces & Flails skill increases to level 7!
Your Armour skill increases to level 6!
Your Shields skill increases to level 6!
You have reached level 9!
Your experience leads to an increase in your attributes!
Your base attributes are Str 22, Int 9, Dex 9.
Increase (S)trength, (I)ntelligence, or (D)exterity?
You feel stronger. x2
You hit the manticore. You burn the manticore.
The manticore is lightly wounded.
The water moccasin bites you. The manticore bites you!
The manticore claws you but does no damage. x2
You whack the manticore! You burn the manticore.
The manticore is moderately wounded.
The water moccasin barely misses you.
You hit the manticore. You burn the manticore.
The manticore is heavily wounded.
The water moccasin bites you but does no damage.
The manticore barely misses you.
The manticore claws you but does no damage.
The manticore claws you.
You hit the manticore. You burn the manticore.
The manticore is heavily wounded.
The water moccasin closely misses you. The manticore bites you!
* * * LOW HITPOINT WARNING * * *
The manticore claws you but does no damage. x2
The water moccasin bites you but does no damage.
You hit the manticore. You burn the manticore.
The manticore is heavily wounded.
You block the manticore's attack. The manticore claws you.
* * * LOW HITPOINT WARNING * * *
The manticore claws you but does no damage.
The water moccasin barely misses you.
You hit the manticore. You burn the manticore.
The manticore is severely wounded.
The water moccasin bites you but does no damage.
The manticore bites you but does no damage.
The manticore claws you.
You die...

### ... .... ...(.
########.....
#............
##########
#..§.H)......
.........#
#....@S......
.>.......#
##.§####.$...
.........#
##.#.........
.........###..#.###...
. >........##<.##.#
.........#..## ..
.........#.## ..
...........# .##
..........## .#


You could see a manticore and a water moccasin.

Vanquished Creatures
  Pikel (D:6)
  Sigmund (D:5)
  Menkaure (D:5)
  Duvessa (D:5)
  A black bear (D:5)
  A scorpion (D:5)
  A gnoll sergeant (D:5)
  A necrophage (D:4)
  Dowan (D:5)
  An orc priest (D:4)
  4 hounds
  2 iguanas
  3 orc wizards (D:4)
  11 gnolls
  9 adders
  A shadow imp (D:5)
  A worm (D:3)
  A dart slug (D:1)
  15 orcs
  4 ball pythons
  5 bats
  7 endoplasms
  13 giant cockroaches (D:2)
  4 goblins
  5 hobgoblins
  4 kobolds
  3 quokkas
  2 frilled lizards (D:3)
  7 rats
111 creatures vanquished.

Notes
Turn   | Place    | Note
-------+----------+-------------------------------------------
     0 | D:1      | a11behringer the Gargoyle Fighter began the quest for the
                  | Orb.
     0 | D:1      | Reached XP level 1. HP: 14/14 MP: 1/1
    69 | D:1      | Found a faded altar of an unknown god.
   107 | D:1      | Reached XP level 2. HP: 19/19 MP: 2/2
   489 | D:1      | Reached XP level 3. HP: 23/23 MP: 3/3
   893 | D:2      | Found Sooxtonn's Book Shop.
  1053 | D:2      | Reached skill level 3 in Maces & Flails
  1174 | D:2      | Reached XP level 4. HP: 29/29 MP: 4/4
  1196 | D:2      | Found Muxteh's Jewellery Shoppe.
  1785 | D:3      | Found a stormy altar of Qazlal.
  1987 | D:3      | You fall into a shaft and drop 3 floors!
  2018 | D:5      | Entered Level 5 of the Dungeon
  2046 | D:4      | Reached XP level 5. HP: 30/33 MP: 5/5
  2152 | D:4      | Reached skill level 4 in Maces & Flails
  2187 | D:4      | Found a snail-covered altar of Cheibriados.
  2192 | D:4      | Reached XP level 6. HP: 38/38 MP: 6/6
  2311 | D:4      | Found a sparkling altar of Nemelex Xobeh.
  2497 | D:4      | Found a glowing golden altar of the Shining One.
  2500 | D:4      | Found a radiant altar of Vehumet.
  2896 | D:4      | Reached XP level 7. HP: 40/44 MP: 7/7
  3540 | D:5      | Noticed Menkaure
  3638 | D:5      | Reached skill level 5 in Maces & Flails
  3671 | D:5      | Noticed Sigmund
  3673 | D:5      | Found an ornate altar of the Wu Jian Council.
  3680 | D:5      | Killed Sigmund
  3681 | D:5      | Reached skill level 5 in Fighting
  3681 | D:5      | Reached skill level 5 in Armour
  3681 | D:5      | Reached skill level 5 in Shields
  3681 | D:5      | Reached skill level 1 in Evocations
  3874 | D:5      | Noticed Dowan
  3877 | D:5      | Noticed Duvessa
  3886 | D:5      | Killed Duvessa
  3887 | D:5      | Reached XP level 8. HP: 34/49 MP: 8/8
  3899 | D:5      | Killed Dowan
  3914 | D:5      | Killed Menkaure
  3915 | D:5      | Reached skill level 6 in Maces & Flails
  4016 | D:2      | Bought a ring of willpower for 250 gold pieces
  4150 | D:5      | Identified the +6 whip of Werhemoi {flame, rElec rPois rF++
                  | Int-3}
  4775 | D:6      | Noticed Pikel
  4782 | D:6      | Noticed a manticore
  4795 | D:6      | Killed Pikel
  4796 | D:6      | Reached skill level 7 in Maces & Flails
  4796 | D:6      | Reached XP level 9. HP: 31/55 MP: 9/9
  4800 | D:6      | HP: 2/55 [manticore (4)]
  4801 | D:6      | Slain by a manticore

Illustrated notes

Levels and vault maps discovered:
D:1:      scummos_arrival_checkerplants, layout_basic,
          chequers_ecumenical_altar_simple_redux, minmay_rat_gold_closets
D:2:      minmay_roachtagon, layout_loops_ring, serial_shops,
          nicolae_square_shop, shop
D:3:      layout_loops_ring, amcnicky_altar_gilded
D:4:      layout_basic, mainiacjoe_overflow_concentric_impassable,
          cheibriados_altar_1, nicolae_overflow_squiral
D:5:      layout_cave_pods, mainiacjoe_overflow_tiny_flanked,
          kennysheep_generic_room_3, uniq_duvessa, uniq_menkaure, uniq_sigmund
D:6:      layout_rooms, zin_statuary, lemuel_crystal_altar,
          minmay_temple_entry_offerings, uniq_pikel, uniq_blork_the_orc

Skill      XL: |  1  2  3  4  5  6  7  8 |
---------------+-------------------------+-----
Maces & Flails | 3 4 5 7 |  7.1
Armour         | 4 5 6 |  6.1
Shields        | 4 5 6 |  6.1
Fighting       | 4 5 6 |  6.1
Evocations     | 1 2 |  2.9

Action                   |  1- 3 |  4- 6 |  7- 9 || total
-------------------------+-------+-------+-------++-------
Melee: Flail             |   111 |   222 |    96 ||   429
       Whip              |       |       |    25 ||    25
Armor: Scale mail        |    36 |       |       ||    36
       Plate armour      |    43 |   222 |   108 ||   373
Dodge: Dodged            |    37 |    85 |    51 ||   173
Block: Buckler           |    16 |    73 |    43 ||   132

Table legend: (Time is in decaauts)
 A = Elapsed time spent in this place.
 B = Non-inter-level travel time spent in this place.
 C = Inter-level travel time spent in this place.
 D = Time resting spent in this place.
 E = Time spent auto-exploring this place.
 F = Levels seen in this place.
 G = Mean time per level.
                   A        B        C        D        E       F      G
               +--------+--------+--------+--------+--------+-----+--------+
         Total |   4910 |   4172 |    738 |      0 |   3225 |   6 |  818.3 |
       Dungeon |   4910 |   4172 |    738 |      0 |   3225 |   6 |  818.3 |
               +--------+--------+--------+--------+--------+-----+--------+

Top non-repeatable levels by time:
     D:4: 1324 daAuts
     D:5: 985 daAuts
     D:2: 922 daAuts
     D:1: 823 daAuts
     D:3: 793 daAuts
     D:6: 61 daAuts
